 Dungeon Crawl Stone Soup version 0.31.0-1-g2c135a0 (webtiles) character file.

Game seed: 13750884870786038160

25 jagoly the Digger (level 3, -1/25 HPs)
             Began as a Human Earth Elementalist on Jan 31, 2024.
             Slain by a hobgoblin (5 damage)
             ... on level 2 of the Dungeon.
             The game lasted 00:02:27 (213 turns).

jagoly the Digger (Human Earth Elementalist)         Turns: 213, Time: 00:02:28

Health: -1/25      AC:  2    Str:  8    XL:     3   Next: 4%
Magic:  6/6        EV: 12    Int: 17    God:
Gold:   45         SH:  0    Dex: 13    Spells: 5/6 levels left

rFire   . . .        c - +0 dagger
rCold   . . .        (no shield)
rNeg    . . .        a - +0 robe
rPois   .            (no helmet)
rElec   .            (no cloak)
rCorr   .            (no gloves)
SInv    .            (no boots)
Will    .....        (no amulet)
Stlth   ++           (no ring)
HPRegen 0.24/turn    (no ring)
MPRegen 0.10/turn

%: no passive effects
@: no status effects
A: explore regen
a: no special abilities


You were on level 2 of the Dungeon.
You visited 1 branch of the dungeon, and saw 3 of its levels.

You collected 45 gold pieces.

Inventory:

Hand Weapons
 c - a +0 dagger (weapon)
Missiles
 d - 11 stones
 h - 4 poisoned darts
Armour
 a - a +0 robe (worn)
Scrolls
 e - a scroll of butterflies {unknown}
 g - a scroll of silence {unknown}
Potions
 b - a potion of magic
 f - a potion of ambrosia {unknown}


   Skills:
 + Level 0.8 Fighting
 + Level 2.2 Dodging
 + Level 2.3 Stealth
 - Level 2.0 Spellcasting
 + Level 1.3 Conjurations
 * Level 3.4 Earth Magic


You had 5 spell levels left.
You knew the following spells:

 Your Spells              Type           Power      Damage    Failure   Level
a - Sandblast             Erth           26%        2d8       4%          1

Your spell library contained the following spells:

 Spells                   Type           Power      Damage    Failure   Level
 Passwall                 Erth           13%        N/A       14%         3
 Stone Arrow              Conj/Erth      18%        3d8       22%         3
 Brom's Barrelling Bould  Conj/Erth      9%         2d3       58%         4
 Petrify                  Alch/Erth      7%         N/A       67%         4
 Animate Dead             Necr           1%         N/A       88%         4
 Borgnjor's Vile Clutch   Necr/Erth      3%         N/A       95%         5
 Death Channel            Necr           0%         N/A       100%        6


Dungeon Overview and Level Annotations

Branches:
Dungeon (3/15) Zot: 17780

Altars:

Annotations:
D:2 Natasha, Robin


Innate Abilities, Weirdness & Mutations

You regain HP and MP as you explore.


Message History

Welcome, jagoly the Human Earth Elementalist.
The Orb of Zot is coveted for many reasons.
Will you seize it for your own?
Press ? for a list of commands and other information.
Found a staircase leading out of the dungeon.
You open the gate.
There is an open gate here.
Found a dagger.
Found 6 stones, a leather armour, 28 gold pieces and a green potion.
A frilled lizard and a hobgoblin come into view.
Found 5 stones and a scroll labelled TEGHUL XUIF.
The hobgoblin shouts!
A quokka comes into view.
An endoplasm comes into view.
Things that are here:
6 stones; 17 gold pieces Cast which spell? (? or * to list)
Aiming: Sandblast (safe; 6% risk of failure)
Press: ? - help, Shift-Dir - straight line, f - endoplasm
Aim: an endoplasm (98% to hit)
You miscast Sandblast.
You are very lightly contaminated with residual magic.
Nothing appears to happen.
Cast which spell? (? or * to list)
Aiming: Sandblast (safe; 6% risk of failure)
Press: ? - help, Shift-Dir - straight line, f/p - endoplasm
Aim: an endoplasm (98% to hit)
The blast of sand hits the hobgoblin.
The hobgoblin is moderately wounded.
The hobgoblin hits you.
Cast which spell? (? or * to list)
Aiming: Sandblast (safe; 6% risk of failure)
Press: ? - help, Shift-Dir - straight line, f/p - endoplasm
Aim: an endoplasm (98% to hit)
The blast of sand hits the endoplasm.
You kill the endoplasm!
The hobgoblin closely misses you. The quokka closely misses you.
The hobgoblin hits you. The quokka attacks as it pursues you!
The quokka barely misses you.
The hobgoblin hits you but does no damage.
Your magical contamination has completely faded away.
The quokka attacks as it pursues you! The quokka closely misses you.
The quokka barely misses you. The quokka closely misses you.
Cast which spell? (? or * to list)
Aiming: Sandblast (safe; 6% risk of failure)
Press: ? - help, Shift-Dir - straight line, f - hobgoblin
Aim: a hobgoblin (moderately wounded, 82% to hit)
The blast of sand hits the quokka!
You kill the quokka!
You hit the hobgoblin but do no damage.
The hobgoblin is moderately wounded.
The hobgoblin hits you.
You completely miss the hobgoblin.
The hobgoblin is moderately wounded.
The hobgoblin hits you.
* * * LOW HITPOINT WARNING * * *
You are too injured to fight recklessly!
You are too injured to fight recklessly!
You hit the hobgoblin but do no damage.
The hobgoblin is moderately wounded.
The hobgoblin barely misses you.
You hit the hobgoblin.
The hobgoblin is heavily wounded.
The hobgoblin misses you.
You hit the hobgoblin.
The hobgoblin is severely wounded.
The hobgoblin hits you.
* * * LOW HITPOINT WARNING * * *
You barely miss the hobgoblin.
The hobgoblin is severely wounded.
The hobgoblin barely misses you.
You barely miss the hobgoblin.
The hobgoblin is severely wounded.
The hobgoblin barely misses you.
You hit the hobgoblin.
The hobgoblin is almost dead.
The hobgoblin barely misses you.
You barely miss the hobgoblin.
The hobgoblin is almost dead.
The hobgoblin hits you but does no damage.
You hit the hobgoblin.
You kill the hobgoblin!
You hit the frilled lizard.
The frilled lizard is heavily wounded.
The frilled lizard bites you.
* * * LOW HITPOINT WARNING * * *
Cast which spell? (? or * to list)
Aiming: Sandblast (safe; 6% risk of failure)
Press: ? - help, Shift-Dir - straight line, f - frilled lizard
Aim: a frilled lizard (heavily wounded, 70% to hit)
The blast of sand hits the frilled lizard!
You kill the frilled lizard!
Things that are here:
a hobgoblin corpse; a quokka corpse You see here a +0 dagger.
c - a +0 dagger (weapon)
You now have 17 gold pieces.
You see here 6 stones.
d - 6 stones
d - 11 stones (gained 5) HP restored.
e - a scroll labelled TEGHUL XUIF Magic restored.
Found a book of Unlife.
f - a green potion You now have 27 gold pieces (gained 10).
You now have 45 gold pieces (gained 18).
You pick up a book of Unlife and begin reading...
You add the spells Animate Dead, Borgnjor's Vile Clutch and Death Channel to your library.
Found a stone staircase leading down.
A rat comes into view.
There is a stone staircase leading down here.
The rat squeaks loudly.
You hear a shout!
You climb downwards.
There is a stone staircase leading up here.
Found a stone staircase leading down.
A ball python comes into view.
There is a stone staircase leading down here.
You climb downwards.
There is a stone staircase leading up here.
You climb upwards.
There is a stone staircase leading down here.
Unknown command.
A bat comes into view.
The bat closely misses you. The bat closely misses you.
The bat barely misses you.
Cast which spell? (? or * to list)
Aiming: Sandblast (safe; 6% risk of failure)
Press: ? - help, Shift-Dir - straight line, f - bat
Aim: a bat (73% to hit)
The blast of sand hits the bat!
You kill the bat!
Found a scroll labelled JOLIBR DUEDIQ.
Found a faded altar of an unknown god.
g - a scroll labelled JOLIBR DUEDIQ
There is a faded altar of an unknown god here.
This altar belongs to (a) Lugonu, (b) Fedhas or (c) Zin, but you can't tell which.
Press the corresponding letter to learn more about a god, or press enter to convert or escape to cancel.
Okay, then. 2 gnolls come into view.
Found a metallic coppery potion.
The gnoll shouts!
Cast which spell? (? or * to list)
Aiming: Sandblast (safe; 6% risk of failure)
Press: ? - help, Shift-Dir - straight line, f - gnoll
Aim: a gnoll, wielding a +0 spear (84% to hit)
The blast of sand hits the gnoll!
The gnoll is severely wounded.
A gnoll comes into view. It is wielding a +0 halberd.
Cast which spell? (? or * to list)
Aiming: Sandblast (safe; 6% risk of failure)
Press: ? - help, Shift-Dir - straight line, f/p - gnoll
Aim: a gnoll, wielding a +0 spear (severely wounded, 84% to hit)
The blast of sand hits the gnoll.
You kill the gnoll!
You have reached level 2!
Cast which spell? (? or * to list)
Aiming: Sandblast (safe; 6% risk of failure)
Press: ? - help, Shift-Dir - straight line, f - gnoll
Aim: a gnoll, wielding a +0 whip (84% to hit)
The blast of sand hits the gnoll.
The gnoll is moderately wounded.
Cast which spell? (? or * to list)
Aiming: Sandblast (safe; 6% risk of failure)
Press: ? - help, Shift-Dir - straight line, f/p - gnoll
Aim: a gnoll, wielding a +0 whip (moderately wounded, 84% to hit)
The blast of sand hits the gnoll.
The gnoll is almost dead.
The gnoll barely misses you. The gnoll hits you with a +0 whip.
You hit the gnoll but do no damage.
The gnoll is almost dead.
The gnoll barely misses you.
You hit the gnoll but do no damage.
The gnoll is almost dead.
The gnoll misses you.
You barely miss the gnoll.
The gnoll is almost dead.
The gnoll hits you with a +0 whip.
Cast which spell? (? or * to list)
Aiming: Sandblast (safe; 6% risk of failure)
Press: ? - help, Shift-Dir - straight line, f/p - gnoll
Aim: a gnoll, wielding a +0 whip (severely wounded, 84% to hit)
The blast of sand hits the gnoll!
You kill the gnoll!
You have reached level 3!
Your experience leads to an increase in your attributes!
Increase (S)trength, (I)ntelligence, or (D)exterity?
You feel clever. x2
Found a plate armour.
Magic restored.
The ball python hisses angrily.
Cast which spell? (? or * to list)
Aiming: Sandblast (safe; 4% risk of failure)
Press: ? - help, Shift-Dir - straight line, f - ball python
Aim: a ball python (80% to hit)
The blast of sand hits the ball python!
You kill the ball python!
You enter the shallow water.
Moving in this stuff is going to be slow.
Why would you want to do that?
Found 4 poisoned darts.
Found an escape hatch in the floor.
A hobgoblin comes into view.
Found a club. 2 goblins and a hobgoblin come into view. 2 goblins come into view.
The goblin shouts! x2; You hear a shout! x2; The hobgoblin shouts!
A hobgoblin comes into view.
A goblin comes into view. It is wielding a +0 club.
The hobgoblin shouts!
Robin of the Strong Arm comes into view.
They are wielding a +0 spear.
The goblin shouts!
You hear a shout! x3
A goblin comes into view. It is wielding a +0 dagger.
Natasha, Servant of Life and Death comes into view.
She is carrying a wand of flame.
You see here 4 poisoned darts.
h - 4 poisoned darts Natasha hisses angrily.
A hobgoblin comes into view.
Robin throws the goblin at you! The goblin hits you with a +0 club.
The hobgoblin attacks as it pursues you!
The hobgoblin hits you.
Robin roars a battlecry!
The goblins go into a battle-frenzy!
Natasha stares at you and mumbles some strange words.
The magic dart hits you!
* * * LOW HITPOINT WARNING * * *
The goblin attacks as it pursues you! The goblin barely misses you.
The hobgoblin attacks as it pursues you!
The hobgoblin barely misses you.
The hobgoblin attacks as it pursues you!
The hobgoblin hits you.
* * * LOW HITPOINT WARNING * * *
The goblin closely misses you.
The hobgoblin attacks as it pursues you!
The hobgoblin barely misses you. The goblin attacks as it pursues you!
The goblin hits you with a +0 club.
* * * LOW HITPOINT WARNING * * *
The hobgoblin attacks as it pursues you!
The hobgoblin hits you.
You die...

#####....~~..................
#.........~..................
#.........≈..................
#........≈~..................
#........≈~..................
#.......≈≈..............>..).
#......~≈≈...................
#.......≈...######.gg........
#####.........@g.g..g.g........
#.###.....>.....g.ggh..........
###........#.......♣.............
....###.#.........♣.♣............
.##.#<..#........♣♣.♣............
.########........♣..♣..♣.........
.............#...♣.♣♣.♣♣.........
####.........#...♣.♣##♣.♣........
##.............♣.♣♣ ♣.♣........


You could see Natasha, 2 hobgoblins and 5 goblins.

Vanquished Creatures
  2 gnolls (D:2)
  An endoplasm (D:1)
  A hobgoblin (D:1)
  A quokka (D:1)
  A ball python (D:2)
  A bat (D:2)
  A frilled lizard (D:1)
8 creatures vanquished.

Notes
Turn   | Place    | Note
-------+----------+-------------------------------------------
     0 | D:1      | jagoly the Human Earth Elementalist began the quest for the
                  | Orb.
     0 | D:1      | Reached XP level 1. HP: 13/13 MP: 3/3
   119 | D:2      | Found a faded altar of an unknown god.
   139 | D:2      | Reached XP level 2. HP: 20/20 MP: 1/5
   157 | D:2      | Reached XP level 3. HP: 14/25 MP: 0/6
   202 | D:2      | Noticed Robin
   203 | D:2      | Noticed Natasha
   213 | D:2      | Slain by a hobgoblin

Illustrated notes

Levels and vault maps discovered:
D:1:      saegor_arrival_simple_c, layout_rooms, serial_corexii_hall,
          corexii_hall_statues_t, chequers_hall_statues_corner_a,
          corexii_hall_statues_t, corexii_hall_statues_x, fountainhead,
          minmay_tiny_reverse_x
D:2:      layout_basic, shapermc_ecumenical_altar_totnotflames,
          chequers_serial_rivers_small_a, kennysheep_another_room, uniq_natasha,
          uniq_robin
D:3:      gammafunk_wand_slinger, layout_basic

Action                     || total
---------------------------++-------
  Melee: Unarmed           ||    11
         Dagger            ||     3
   Cast: Sandblast         ||    11
 Armour: Robe              ||    17
  Dodge: Dodged            ||    21
